Map: Ley Lines

Players

bill

  • Race: Terran Terran
  • League: Master
  • Spawn Location: 1:00

Sindyr - Winner!

  • Race: Zerg Zerg
  • League: Master
  • Spawn Location: 7:00

VOD

Have the link to the VOD?

Description

Time

  • Played on: Oct. 31, 2025, 3:16 p.m.
  • Length: 22:24
Show
View Real Time Build Order
Export as new Build Order

bill Terran 

Build Orders:  

Get SALT Encoding   

  12  0:01  SCV  
  13  0:13  SCV  
  14  0:19  Supply Depot  
  14  0:25  SCV  
  15  0:42  Barracks  
  15  0:43  SCV  
  15  0:48  Refinery  
  16  0:55  SCV  
  17  1:07  SCV  
  18  1:19  SCV  
  19  1:31  Supply Depot, SCV  
  19  1:32  Marine  
  21  1:48  Command Center  
  21  1:50  Marine  
  22  1:57  Bunker  
  22  2:03  SCV  
  22  2:08  Marine  
  24  2:10  Refinery  
  24  2:18  Factory  
  24  2:24  SCV  
  24  2:28  Barracks Reactor  
  25  2:36  SCV  
  26  2:48  SCV  
  27  3:10  Starport  
  27  3:11  Hellion  
  27  3:12  Hellion  
  31  3:16  SCV  
  32  3:20  Barracks Tech Lab  
  32  3:29  Orbital Command  
  32  3:33  Hellion x2  
  36  3:38  Orbital Command  
  36  3:45  Stimpack  
  36  3:48  Starport Reactor  
  36  3:54  Engineering Bay  
  36  4:10  SCV x2  
  38  4:17  Marauder  
  40  4:38  Marine  
  35  4:51  Liberator  
  35  4:52  Liberator  
  39  4:57  SCV x2  
  41  5:01  Factory Tech Lab  
  41  5:02  Marauder  
  43  5:09  SCV x2  
  43  5:13  Barracks  
  45  5:21  SCV  
  45  5:26  SCV  
  46  5:32  Marauder  
  46  5:33  SCV  
  43  5:47  Siege Tank  
  46  6:04  Supply Depot  
  46  6:07  Supply Depot  
  46  6:17  Command Center  
  46  6:19  Missile Turret  
  46  6:26  SCV x2, Siege Tank, Marauder  
  53  6:38  SCV x2  
  53  6:39  Marine x2  
  57  6:41  Medivac x2  
  61  6:50  SCV  
  61  6:52  Refinery  
  61  6:53  Supply Depot  
  62  6:55  Refinery  
  62  7:14  Marine x2, SCV x2  
  62  7:15  Marauder  
  68  7:27  SCV x2  
  68  7:28  Siege Tank  
  73  7:32  Marine  
  73  7:36  Marine  
  75  7:40  SCV x3  
  78  7:52  SCV x3  
  81  8:00  Refinery  
  81  8:01  Siege Tank  
  81  8:04  SCV  
  85  8:21  SCV x3  
  82  8:32  Terran Infantry Weapons Level 1  
  82  8:33  Siege Tank  
  85  8:38  Engineering Bay  
  85  8:40  Supply Depot x2  
  85  8:41  Supply Depot, Planetary Fortress  
  85  8:54  Supply Depot  
  85  9:01  Marine x3  
  85  9:02  SCV x2  
  90  9:04  Armory  
  90  9:05  Siege Tank, Supply Depot  
  93  9:14  SCV x2  
  95  9:17  Supply Depot  
  95  9:19  Marine x2  
  95  9:20  Marauder  
  99  9:26  SCV x2  
  99  9:28  Refinery  
  99  9:30  SCV  
  102  9:35  Combat Shield  
  102  9:37  Marine x2  
  102  9:38  SCV x2  
  96  9:41  Supply Depot, Marauder  
  96  9:42  SCV  
  96  9:43  Barracks  
  96  9:47  Barracks  
  96  9:50  SCV x2  
  98  9:54  SCV  
  98  9:55  Marine x2  
  101  10:02  Marauder  
  101  10:04  Supply Depot  
  101  10:06  SCV x2  
  101  10:07  SCV  
  106  10:12  Marine  
  107  10:18  SCV x2  
  107  10:19  SCV  
  110  10:24  Marauder  
  110  10:26  Terran Infantry Armor Level 1  
  99  10:45  Marauder  
  99  10:48  SCV x2  
  99  10:49  Siege Tank  
  104  10:50  Barracks Reactor x2  
  104  11:01  Marine x2  
  104  11:03  Medivac x2  
  110  11:05  Terran Infantry Weapons Level 2  
  110  11:06  Marine  
  111  11:19  Marine x2  
  111  11:21  Siege Tank  
  111  11:24  Marine  
  111  11:25  Command Center  
  117  11:33  Medivac x2  
  117  11:36  Marine x3  
  117  11:37  Marine x3  
  127  11:42  Marine  
  128  11:53  Siege Tank  
  131  11:54  Marine x2  
  131  11:55  Marine x2  
  131  11:59  Marine  
  138  12:03  Medivac  
  138  12:04  Medivac  
  140  12:12  Marine  
  141  12:36  Marine x4, Medivac x2, Marauder  
  151  12:39  Refinery  
  149  12:54  Marine x3  
  149  12:58  Marauder  
  146  13:01  Planetary Fortress  
  146  13:05  Refinery  
  146  13:06  SCV x3  
  149  13:12  Marine  
  149  13:13  Marine x3  
  149  13:18  Barracks Reactor, SCV x3  
  156  13:33  Supply Depot  
  156  13:34  Supply Depot  
  156  13:35  Supply Depot  
  156  13:36  Supply Depot  
  156  13:43  Terran Infantry Armor Level 2  
  156  13:44  Terran Infantry Weapons Level 3  
  156  13:54  Marine x4  
  156  13:55  SCV x2, Marauder  
  164  13:59  Sensor Tower  
  164  14:12  Marine x4  
  164  14:16  Marauder  
  161  14:30  Marine x4  
  165  14:38  Marauder  
  142  14:59  Marine  
  106  15:18  Siege Tank  
  106  15:20  Marauder  
  105  15:21  Marine  
  105  15:22  Marine x3  
  109  15:39  Marine  
  109  15:40  Marine x3  
  109  15:42  Marauder  
  115  15:43  SCV x2  
  115  15:44  SCV, Refinery  
  115  15:47  Liberator x2  
  124  15:50  Siege Tank  
  124  15:52  Marine x2  
  124  15:55  SCV  
  124  15:56  SCV x2  
  132  15:57  Marine x4  
  132  15:59  Neosteel Armor  
  132  16:03  Marauder  
  138  16:07  SCV  
  138  16:10  Marine x2  
  141  16:15  Marine x4  
  145  16:22  Missile Turret  
  145  16:23  Siege Tank  
  145  16:24  Missile Turret  
  145  16:25  Marauder, Refinery  
  150  16:26  Command Center  
  150  16:27  Refinery  
  150  16:28  Marine x2  
  150  16:30  Terran Vehicle Weapons Level 1, Liberator, Medivac  
  150  16:31  Terran Infantry Armor Level 3  
  157  16:33  Marine x2  
  159  16:45  Marine  
  159  16:46  Marauder, Marine  
  163  16:54  Thor  
  163  17:00  Medivac  
  149  17:13  Medivac  
  128  17:21  Marine x5  
  131  17:23  Marine x2  
  133  17:30  Medivac  
  135  17:37  Thor  
  135  17:38  Marine  
  135  17:39  Marine x4  
  135  17:41  Marine x2  
  135  17:43  Medivac  
  150  17:52  Command Center  
  150  17:56  Marine  
  150  17:57  Marine x4  
  138  18:14  Marine  
  138  18:15  Marine x4  
  138  18:18  SCV x3  
  146  18:20  Siege Tank  
  149  18:27  Terran Vehicle Weapons Level 2  
  149  18:30  SCV x2  
  149  18:32  Marine x5  
  155  18:50  Marine x5  
  137  19:07  Marine  
  137  19:08  Marine x4  
  117  19:26  Marine  
Show
View Real Time Build Order
Export as new Build Order

Sindyr Zerg - Winner!

Build Orders: Pool First 

Get SALT Encoding   

  12  0:02  Drone  
  13  0:09  Drone  
  14  0:17  Overlord  
  14  0:22  Extractor  
  14  0:23  Drone  
  15  0:35  Drone  
  16  0:44  Spawning Pool  
  16  0:46  Drone  
  16  0:50  Drone  
  17  1:11  Hatchery  
  16  1:14  Drone  
  17  1:19  Extractor, Drone  
  17  1:23  Drone  
  18  1:35  Queen  
  20  1:47  Zergling x4  
  20  1:51  Overlord  
  22  2:14  Queen  
  24  2:24  Metabolic Boost  
  24  2:25  Queen  
  24  2:28  Drone  
  27  2:30  Drone  
  28  2:38  Drone x2  
  28  2:50  Drone x4  
  32  2:56  Overlord  
  32  3:22  Drone x3  
  32  3:24  Drone  
  32  3:26  Drone  
  37  3:29  Drone  
  37  3:31  Drone  
  37  3:34  Hatchery  
  38  3:39  Drone  
  38  3:40  Overlord  
  39  3:47  Lair  
  39  3:50  Evolution Chamber  
  38  4:00  Roach Warren  
  37  4:04  Overlord x2  
  37  4:19  Zergling x16  
  32  4:40  Drone  
  32  4:41  Drone x5  
  36  4:55  Zerg Missile Weapons Level 1  
  36  4:57  Drone x2  
  36  4:58  Drone x2  
  40  5:15  Glial Reconstitution  
  40  5:16  Extractor  
  35  5:39  Drone x4  
  35  5:40  Drone x6  
  42  5:49  Queen  
  44  5:57  Evolution Chamber  
  44  5:58  Drone x3  
  44  5:59  Drone  
  44  6:03  Extractor  
  46  6:12  Overlord x2  
  46  6:19  Spore Crawler  
  46  6:20  Spore Crawler  
  46  6:21  Spore Crawler  
  43  6:26  Spore Crawler  
  43  6:28  Spore Crawler  
  43  6:29  Spore Crawler  
  43  6:30  Spore Crawler  
  43  6:31  Spore Crawler  
  43  6:32  Drone  
  39  6:33  Drone  
  39  6:34  Spore Crawler  
  40  6:47  Drone x3  
  42  6:55  Extractor  
  41  7:29  Zerg Missile Weapons Level 2, Hydralisk Den, Zerg Ground Armor Level 1  
  40  7:34  Infestation Pit  
  39  7:59  Hydralisk x10  
  59  8:21  Hatchery  
  59  8:24  Queen  
  58  8:31  Hydralisk x2  
  58  8:32  Hydralisk, Roach x2  
  68  8:35  Drone  
  68  8:36  Drone  
  70  8:46  Hive  
  70  8:51  Muscular Augments  
  70  8:53  Drone  
  71  9:01  Roach  
  73  9:06  Overlord  
  73  9:18  Drone  
  73  9:19  Overlord x2  
  74  9:24  Zerg Ground Armor Level 2  
  74  9:30  Hydralisk  
  74  9:31  Hydralisk  
  76  9:33  Roach  
  76  9:37  Roach  
  82  9:39  Roach  
  82  9:44  Drone x2  
  86  9:47  Drone  
  86  9:49  Drone  
  88  9:58  Zerg Missile Weapons Level 3  
  88  10:00  Drone x2  
  90  10:34  Hydralisk, Roach  
  90  10:35  Roach  
  84  10:48  Drone x20  
  104  10:50  Overlord  
  104  10:52  Overlord  
  104  10:58  Overlord x2  
  104  11:13  Queen  
  104  11:17  Drone x5  
  111  11:19  Roach x3  
  111  11:21  Roach  
  119  11:26  Overseer  
  119  11:27  Overseer  
  119  11:28  Pneumatized Carapace  
  119  11:31  Queen  
  121  11:41  Overlord  
  121  11:46  Hydralisk x4  
  121  11:47  Roach x3  
  135  12:06  Spore Crawler  
  135  12:07  Spore Crawler  
  133  12:10  Spine Crawler  
  133  12:11  Spine Crawler  
  133  12:12  Spore Crawler  
  130  12:26  Drone x2  
  130  12:27  Drone  
  130  12:28  Hydralisk x2, Roach x2  
  130  12:29  Roach  
  143  12:36  Hydralisk x2  
  141  12:37  Roach, Hydralisk  
  144  13:08  Unknown  
  143  13:14  Hatchery  
  142  13:20  Zerg Ground Armor Level 3  
  142  13:21  Zerg Melee Weapons Level 1, Adrenal Glands  
  142  13:23  Zergling x2  
  142  13:25  Overlord x4  
  142  13:26  Overlord x4  
  142  13:27  Overlord x4  
  143  13:54  Extractor  
  142  13:55  Extractor  
  142  13:56  Hydralisk  
  142  13:57  Hydralisk x8, Roach  
  142  13:58  Roach x8, Hydralisk  
  142  13:59  Roach  
  142  14:00  Zergling x24  
  186  14:22  Roach x10  
  194  14:30  Baneling Nest  
  193  14:34  Queen  
  195  14:45  Hydralisk  
  192  14:46  Hydralisk, Roach x3  
  194  14:57  Hydralisk x4, Roach  
  194  14:58  Roach x3  
  194  14:59  Roach  
  191  15:00  Zergling x2  
  191  15:01  Zergling x2  
  191  15:02  Zergling x2  
  191  15:04  Zergling x2  
  173  15:09  Hydralisk  
  173  15:10  Roach  
  173  15:11  Roach  
  147  15:20  Hydralisk x2, Roach  
  147  15:21  Roach  
  127  15:22  Roach  
  113  15:32  Drone  
  113  15:33  Drone x7  
  120  15:35  Drone  
  120  16:00  Drone  
  120  16:01  Drone x2  
  123  16:07  Hydralisk x3  
  123  16:08  Hydralisk x4, Roach x3  
  123  16:09  Roach x2  
  147  16:43  Hydralisk x2, Roach  
  147  16:44  Hydralisk x4, Roach x9  
  147  16:45  Roach x4  
  147  16:46  Zergling x2  
  182  17:08  Hydralisk x7, Roach  
  167  17:09  Roach x2  
  167  17:11  Hydralisk  
  167  17:14  Roach  
  189  17:36  Hatchery  
  188  17:52  Hatchery  
  176  18:18  Zerg Melee Weapons Level 2, Ultralisk Cavern  
  175  18:23  Centrifugal Hooks, Hydralisk  
  175  18:24  Roach x5  
  175  18:25  Roach x6  
  189  19:04  Queen  
  189  19:05  Chitinous Plating  
  123  19:32  Ultralisk x8  
  123  19:33  Zergling x10  
  123  19:34  Zergling x10  
  177  19:52  Extractor  
  176  20:19  Queen, Extractor  
  177  20:39  Ultralisk x3  
  177  20:41  Hydralisk  
  177  20:42  Roach  
  191  21:11  Queen  
Tags
 
Matchup
TvZ
Opening
Pool First
Replay Pack
Multiplayer
Spawn Locations
Cross Positions
Add a new tag
Caveats
  • Supply blocks, unpowered buildings, or Contaminate may cause inaccurate times.
  • Supply counts are checked every 10 seconds.